 Dungeon Crawl Stone Soup version 0.31-a0-636-ge1c0e020e0 (webtiles) character file.

Game seed: 18191843286846692409

20 dialectric the Changeling (level 2, -1/14 HPs)
             Began as a Vine Stalker Shapeshifter on Aug 26, 2023.
             Succumbed to a goblin's poison
             ... on level 2 of the Dungeon.
             The game lasted 00:00:35 (934 turns).

dialectric the Changeling (VSSh)                     Turns: 934, Time: 00:00:36

Health: -1/14      AC:  2    Str: 16    XL:     2   Next: 79%
Magic:  2/3        EV: 12    Int: 10    God:
Gold:   118        SH:  0    Dex: 13    Spells: 1/1 levels left

rFire   . .          .
                       - Unarmed
rCold   . . .        (no shield)
rNeg    . . .        a - +0 animal skin
rPois   .            (helmet currently unavailable)
rElec   .            (cloak currently unavailable)
rCorr   .            (gloves currently unavailable)
SInv    .            (boots currently unavailable)
Will    .....        (no amulet)
Stlth   +            (no ring)
HPRegen 0.22/turn    (no ring)
MPRegen 0.08/turn

%: guardian spirit
@: lethally poisoned (-1 -> -11), beast-form
A: beast (slay +1), fangs 2, magic shield, antimagic bite, no potion heal 2
a: Begin Untransformation


You were on level 2 of the Dungeon.
You were a hulking beast.
You visited 1 branch of the dungeon, and saw 2 of its levels.

You collected 118 gold pieces.

Inventory:

Armour
 a - a +0 animal skin (worn)
 j - a +0 pair of gloves
Jewellery
 h - a ring of magical power
Talismans
 c - a beast talisman (active)
 d - a flux talisman
Scrolls
 f - a scroll of identify {unknown}
 l - a scroll of enchant armour {unknown}
Potions
 b - a potion of lignification
 e - 2 potions of attraction {unknown}
 g - a potion of cancellation {unknown}
 i - a potion of berserk rage {unknown}
 k - a potion of curing {unknown}


   Skills:
 + Level 0.8 Fighting
 * Level 2.1 Dodging
 + Level 3.2 Unarmed Combat
 + Level 3.2 Shapeshifting


You had one spell level left.
You didn't know any spells.
Your spell library was empty.

Dungeon Overview and Level Annotations

Branches:
Dungeon (2/15)

Altars:


Innate Abilities, Weirdness & Mutations

You are a hulking beast.
Your limbs bulge with bestial killing power. (Slay +1)
You have extremely sharp teeth.
When hurt, damage is shared between your health and your magic reserves.
Your bite disrupts and absorbs the magic of your enemies.
Potions cannot restore your health.


Message History

You hit the giant cockroach.
The giant cockroach is heavily wounded.
The giant cockroach bites you.
A giant cockroach is nearby!
You hit the giant cockroach.
You kill the giant cockroach!
No target in view!
No target in view!
You now have 93 gold pieces (gained 8).
HP restored.
You now have 107 gold pieces (gained 14).
You now have 118 gold pieces (gained 11).
Found a stone staircase leading up.
A goblin comes into view. It is wielding a +2 dagger of venom.
The goblin shouts!
You hear an angry hiss.
A goblin is nearby!
A rat comes into view.
There are monsters nearby!
A giant cockroach comes into view.
There are monsters nearby!
You hit the goblin.
The goblin is severely wounded.
The goblin hits you with a +2 dagger of venom.
You are lethally poisoned!
There is a lethal amount of poison in your body!
You punch the goblin!
You kill the goblin!
You feel very sick.
You are too injured to fight recklessly!
You are too injured to fight recklessly!
You are too injured to fight recklessly!
Unknown command.
You hit the rat.
You kill the rat!
* * * LOW HITPOINT WARNING * * *
You feel very sick. The giant cockroach barely misses you.
You hit the giant cockroach.
The giant cockroach is almost dead.
You die...

#....... #......
#..... #....### #
#......####.# #.....
#..<.........
#......#..#........#
###......#....hB.....+
.........#..####.....#
#.......##..# ....+ #
#.......##..## ...#
#.#.......##...# .##
#.#............#. +
#.#.<.....###.....#
#.................+
#........####.....#


You could see a giant cockroach.

Vanquished Creatures
  An endoplasm (D:1)
  2 giant cockroaches
  3 goblins
  4 jackals (D:1)
  A kobold (D:1)
  2 quokkas (D:1)
  A ball python (D:1)
  2 rats
16 creatures vanquished.

Notes
Turn   | Place    | Note
-------+----------+-------------------------------------------
     0 | D:1      | dialectric the Vine Stalker Shapeshifter began the quest
                  | for the Orb.
     0 | D:1      | Reached XP level 1. HP: 9/9 MP: 2/2
   199 | D:1      | Reached XP level 2. HP: 10/14 MP: 1/3
   934 | D:2      | Succumbed to a goblin's poison

Illustrated notes

Levels and vault maps discovered:
D:1:      dpeg_arrival_shelter, layout_basic
D:2:      layout_basic, minmay_pentomino_v2

Skill      XL: |  1  2 |
---------------+-------+-----
Dodging        | 2 |  2.1
Fighting       | |  0.8
Unarmed Combat | |  3.2
Shapeshifting  | |  3.2

Action                     || total
---------------------------++-------
  Melee: Unarmed           ||    44
         Bite              ||     6
         Punch             ||     1
   Stab: Sleeping          ||     1
 Armour: Animal skin       ||     6
  Dodge: Dodged            ||    21

Table legend: (Time is in decaauts)
 A = Elapsed time spent in this place.
 B = Non-inter-level travel time spent in this place.
 C = Inter-level travel time spent in this place.
 D = Time resting spent in this place.
 E = Time spent auto-exploring this place.
 F = Levels seen in this place.
 G = Mean time per level.
                   A        B        C        D        E       F      G
               +--------+--------+--------+--------+--------+-----+--------+
         Total |    931 |    864 |     67 |      0 |    767 |   2 |  465.5 |
       Dungeon |    931 |    864 |     67 |      0 |    767 |   2 |  465.5 |
               +--------+--------+--------+--------+--------+-----+--------+

Top non-repeatable levels by time:
     D:1: 894 daAuts
     D:2: 37 daAuts
